 Dungeon Crawl Stone Soup version 0.30.0-19-g36f170ea60 (webtiles) character file.

Game seed: 1704228658611034206

1545 Kranky the Ruffian (level 8, -4/80 HPs)
             Began as a Troll Fighter on May 28, 2023.
             Slain by a gnoll
             ... wielding a +2 spear of venom
              (6 damage)
             ... on level 5 of the Dungeon.
             The game lasted 00:07:14 (3760 turns).

Kranky the Ruffian (Troll Fighter)                  Turns: 3760, Time: 00:07:15

Health: -4/80      AC:  6    Str: 25    XL:     8   Next: 56%
Magic:  7/7        EV: 14    Int:  6    God:
Gold:   241        SH:  8    Dex:  9    Spells: 7/7 levels left

rFire   . .          .
                       - Unarmed
rCold   + . .        b - +0 kite shield
rNeg    . . .        r - +2 robe {rC+}
rPois   .            (helmet restricted)
rElec   .            (no cloak)
rCorr   .            (gloves unavailable)
SInv    .            (boots unavailable)
Will    .....        (no amulet)
Stlth   +            d - +5 ring of evasion
HPRegen 1.13/turn    (no ring)
MPRegen 0.10/turn

%: no passive effects
@: lethally poisoned (-4 -> -9)
A: large, unfitting armour, claws 3, regeneration 1, shaggy fur 1, tough skin 1
a: no special abilities


You were on level 5 of the Dungeon.
You visited 1 branch of the dungeon, and saw 6 of its levels.

You collected 241 gold pieces.

Inventory:

Missiles
 g - 4 throwing nets (quivered)
Armour
 a - a +0 robe
 b - a +0 kite shield (worn)
 r - a +2 robe of cold resistance (worn)
Jewellery
 d - a +5 ring of evasion (left claw)
 o - a ring of wizardry
Wands
 x - a wand of digging (8)
Scrolls
 e - a scroll of fog {unknown}
 f - 2 scrolls of enchant weapon {unknown}
 h - a scroll of brand weapon {unknown}
 j - 2 scrolls of amnesia {unknown}
 k - 7 scrolls of identify {unknown}
 l - 4 scrolls of teleportation {unknown}
 m - 2 scrolls of fear {unknown}
 p - a scroll of silence {unknown}
 q - 2 scrolls of noise {unknown}
 s - a scroll of torment {unknown}
 t - a scroll of vulnerability {unknown}
 u - a scroll of acquirement {unknown}
 y - a scroll of blinking {unknown}
Potions
 c - 4 potions of might
 i - 2 potions of heal wounds {unknown}
 n - a potion of flight {unknown}
 v - a potion of cancellation
 w - a potion of curing {unknown}
 z - a potion of brilliance {unknown}
 A - 2 potions of ambrosia {unknown}
 B - a potion of attraction {unknown}


   Skills:
 + Level 5.0 Fighting
 + Level 5.1 Dodging
 + Level 5.6 Shields
 + Level 5.7 Unarmed Combat


You had 7 spell levels left.
You didn't know any spells.
Your spell library contained the following spells:

 Spells                   Type           Power      Damage    Failure   Level
 Sandblast                Erth           0%         2d4       67%         1
 Shock                    Conj/Air       0%         1d3       67%         1
 Summon Small Mammal      Summ           0%         N/A       67%         1
 Passwall                 Tmut/Erth      0%         N/A       82%         2
 Call Canine Familiar     Summ           0%         N/A       96%         3
 Stone Arrow              Conj/Erth      0%         3d7       96%         3
 Summon Guardian Golem    Hex/Summ       0%         N/A       96%         3
 Swiftness                Air            0%         N/A       96%         3
 Airstrike                Air            0%         2d(0-16)  100%        4


Dungeon Overview and Level Annotations

Branches:
Dungeon (6/15)
 Temple: D:4-7

Altars:
Elyvilon
Okawaru
Xom
The Shining One

Shops:
D:5 *:(


Innate Abilities, Weirdness & Mutations

You are too large for most types of armour.
You have claws for hands.
Your natural rate of healing is unusually fast.
You are covered in fur. (AC +1)
You have tough skin. (AC +1)


Message History

You are too injured to fight recklessly!
You are too injured to fight recklessly!
You are too injured to fight recklessly!
You barely miss the hound. You block the hound's attack. x2
The gnoll barely misses you.
You barely miss the hound. The hound bites you.
The gnoll hits you but does no damage.
You are poisoned.
You miss the hound.
You feel sick. The hound bites you but does no damage.
The hound closely misses you. You block the gnoll's attack.
You closely miss the hound.
You feel sick. The hound bites you but does no damage.
The gnoll hits you from afar with a +2 spear of venom.
You are more poisoned.
You block the hound's attack.
You claw the hound!
The hound is heavily wounded.
You feel very sick. The hound closely misses you.
The gnoll hits you from afar with a +2 spear of venom!
* * * LOW HITPOINT WARNING * * *
You closely miss the hound.
The hound is heavily wounded.
You feel very sick. You block the hound's attack.
The gnoll hits you from afar with a +2 spear of venom.
* * * LOW HITPOINT WARNING * * *
You are lethally poisoned!
The hound barely misses you.
* * * LOW HITPOINT WARNING * * *
You feel very sick.
* * * LOW HITPOINT WARNING * * *
You feel very sick. You block the hound's attack.
It was a potion of cancellation.
You feel magically purged.
* * * LOW HITPOINT WARNING * * *
You feel very sick. The hound closely misses you.
The gnoll hits you from afar with a +2 spear of venom.
You die...

#..........##...##......#..
#.#######..##.))##......#..
#.# ##....#......_..... #.#
#...###..#......## #.###
###..# #..#......## #...##
##..#.# #..###....##
#....###..g#.# #......#####
#.....∩....#g# #......#####
#....###..@h.# ######.).)..
##..## ##...## ####### ####
#####


You could see a hound and 2 gnolls.

Vanquished Creatures
  Grinder (D:4)
  Eustachio (D:5)
  Menkaure (D:4)
  An ice beast (D:5)
  An ogre (D:4)
  A phantom (D:5)
  Blork the orc (D:5)
  A gnoll sergeant (D:5)
  A scorpion (D:3)
  3 hounds
  An orc priest (D:5)
  Jessica (D:3)
  2 iguanas
  3 orc wizards (D:5)
  24 gnolls
  7 adders
  An ufetubus (D:5)
  A worm (D:4)
  2 dart slugs
  7 orcs
  3 ball pythons
  7 bats
  6 endoplasms
  A giant cockroach (D:2)
  3 goblins
  4 hobgoblins
  3 jackals (D:5)
  8 kobolds
  4 quokkas
  2 rats (D:3)
102 creatures vanquished.

Notes
Turn   | Place    | Note
-------+----------+-------------------------------------------
     0 | D:1      | Kranky the Troll Fighter began the quest for the Orb.
     0 | D:1      | Reached XP level 1. HP: 22/22 MP: 0/0
   231 | D:1      | Reached XP level 2. HP: 29/29 MP: 1/1
  1032 | D:2      | Found a white marble altar of Elyvilon.
  1312 | D:2      | Reached XP level 3. HP: 36/36 MP: 2/2
  1416 | D:3      | Found a glowing golden altar of the Shining One.
  1417 | D:3      | Noticed Jessica
  1418 | D:3      | Noticed a scorpion
  1421 | D:3      | Killed Jessica
  1427 | D:3      | Killed a scorpion
  1428 | D:3      | Reached XP level 4. HP: 45/45 MP: 3/3
  1608 | D:3      | Reached XP level 5. HP: 52/53 MP: 4/4
  2003 | D:4      | Noticed Menkaure
  2013 | D:4      | Killed Menkaure
  2014 | D:4      | Reached XP level 6. HP: 61/61 MP: 5/5
  2503 | D:4      | Noticed Grinder
  2507 | D:4      | Paralysed by Grinder for 3 turns
  2530 | D:4      | Killed Grinder
  2531 | D:4      | Reached XP level 7. HP: 57/68 MP: 6/6
  2871 | D:5      | Entered Level 5 of the Dungeon
  3120 | D:5      | Found Milannoh's Antique Weapon Shop.
  3150 | D:5      | Found a shimmering altar of Xom.
  3167 | D:5      | Noticed Eustachio
  3173 | D:5      | Noticed Blork the orc
  3201 | D:5      | Killed Eustachio
  3202 | D:5      | Reached skill level 5 in Shields
  3202 | D:5      | Reached skill level 5 in Unarmed Combat
  3202 | D:5      | Reached XP level 8. HP: 70/79 MP: 7/7
  3487 | D:5      | Found Pihiviem's Book Shop.
  3529 | D:5      | Found an iron altar of Okawaru.
  3571 | D:5      | Killed Blork the orc
  3572 | D:5      | Reached skill level 5 in Fighting
  3572 | D:5      | Reached skill level 5 in Dodging
  3631 | D:5      | Found Bepniziq's Neck Hole.
  3759 | D:5      | HP: 3/80 [poisoned by a gnoll]
  3760 | D:5      | Slain by a gnoll

Illustrated notes

Levels and vault maps discovered:
D:1:      lemuel_arrival_hallway, layout_loops_ring, nicolae_titane
D:2:      layout_basic, basic_altar, minmay_ruptured
D:3:      layout_rooms, old_standard_altar, uniq_crazy_yiuf_cottage,
          uniq_jessica
D:4:      layout_basic, fountainhead, uniq_grinder, uniq_menkaure
D:5:      layout_cave_pools, nicolae_overflow_crystal_walls,
          mainiacjoe_overflow_six_doors_small, serial_gnoll_camp,
          gnoll_camp_mini_doghouse, gnoll_camp_mini_hut,
          gnoll_camp_mini_doghouse, gnoll_camp_huts_moat, gnoll_camp_mini_shop,
          gnoll_camp_mini_shop, nicolae_shop_sticking_my_neck_out,
          uniq_blork_the_orc, uniq_eustachio
D:6:      layout_gridville, old_standard_altar, uniq_maggie

Skill      XL: |  1  2  3  4  5  6  7  8 |
---------------+-------------------------+-----
Shields        | 3 4 5 |  5.6
Fighting       | 3 4 5 |  5.0
Dodging        | 3 4 5 |  5.1
Unarmed Combat | 3 4 5 |  5.7

Action                     |  1- 3 |  4- 6 |  7- 9 || total
---------------------------+-------+-------+-------++-------
  Melee: Unarmed           |    72 |    74 |   222 ||   368
    Use: Potion            |       |       |     1 ||     1
   Stab: Distracted        |       |     1 |       ||     1
 Armour: Robe              |    15 |     7 |    54 ||    76
  Dodge: Dodged            |    40 |    37 |   141 ||   218
  Block: Kite shield       |    39 |    32 |   103 ||   174
